 Dungeon Crawl Stone Soup version 0.21.1-1-g345015f (webtiles) character file.

51 Kairos the Charmwright (level 3, -3/42 HPs)
             Began as a Demonspawn Skald on Mar 26, 2018.
             Slain by an orc
             ... wielding a +0 war axe
              (6 damage)
             ... on level 3 of the Dungeon.
             The game lasted 00:02:39 (1269 turns).

Kairos the Charmwright (Demonspawn Skald)           Turns: 1269, Time: 00:02:39

Health: -3/42      AC: 21    Str: 12    XL:     3   Next: 57%
Magic:  2/6        EV:  2    Int: 14    God:
Gold:   98         SH:  0    Dex: 12    Spells: 5/6 levels left

rFire    . . .     SeeInvis .   a - +0 spear
rCold    . . .     Gourm    .   (no shield)
rNeg     + + +     Faith    .   (armour currently unavailable)
rPois    +         Spirit   .   (helmet currently unavailable)
rElec    .         Reflect  .   (cloak currently unavailable)
rCorr    .         Harm     .   (gloves currently unavailable)
MR       .....     NoTele   +   (boots currently unavailable)
Stlth    +.........             (no amulet)
HPRegen  0.14/turn              f - ring of wizardry
MPRegen  0.10/turn              (no ring)

@: tree-form, infused
A: no striking features
a: no special abilities


You were on level 3 of the Dungeon.
You were not hungry.
You were a tree.
You visited 1 branch of the dungeon, and saw 4 of its levels.

You collected 98 gold pieces.

Inventory:

Hand Weapons
 a - a +0 spear (weapon)
Armour
 b - a +0 leather armour (melded)
 j - a +2 pair of gloves (melded)
 l - a +2 hat (melded)
Jewellery
 f - a ring of wizardry (left branch)
 q - a +2 amulet of reflection {unknown}
Scrolls
 e - 4 scrolls of identify {unknown}
 h - 2 scrolls of enchant weapon {unknown}
 n - a scroll of amnesia {unknown}
 o - a scroll of remove curse {unknown}
Potions
 g - 2 potions of lignification
 i - a potion of agility {unknown}
 k - a potion of curing {unknown}
 m - a potion of berserk rage {unknown}
Books
 c - a book of Battle

   Spells                             Type                      Level
   a - Infusion                       Charms                       1
   b - Shroud of Golubria             Charms/Translocation         2
   c - Song of Slaying                Charms                       2
   d - Spectral Weapon                Hexes/Charms                 3
   e - Regeneration                   Charms/Necromancy            3
Comestibles
 d - 5 rations
 p - 2 chunks of flesh


   Skills:
 + Level 2.3 Fighting
 + Level 2.7 Polearms
 + Level 1.4 Armour
 + Level 1.9 Dodging
 + Level 2.0 Spellcasting
 + Level 3.0 Charms


You had 5 spell levels left.
You knew the following spells:

 Your Spells              Type           Power        Failure   Level  Hunger
a - Infusion              Chrm           #...         2%          1    ##.....


Dungeon Overview and Level Annotations

Branches:
Dungeon (4/15)
 Temple: D:4-7

Altars:
Ashenzari


Innate Abilities, Weirdness & Mutations

((When seriously injured, your bleeding wounds create armour. (AC +0)))


Message History

a trident; an orc corpse You barely miss the orc.
You hit the orc but do no damage. The orc hits you with a war axe.
* * * LOW HITPOINT WARNING * * *
You hit the orc.
The orc is lightly wounded.
The orc hits you but does no damage.
It was a potion of lignification.
You turn into a tree.
Your +2 hat melds into your body.
Your +2 pair of gloves melds into your body.
Your +0 leather armour melds into your body.
Your roots penetrate the ground.
Your blood armour dries and flakes away.
The orc hits you but does no damage.
You hit the orc but do no damage.
The orc is lightly wounded.
You hit the orc.
The orc is moderately wounded.
The orc hits you with a war axe.
You die...

#####.#..
####.#####........
#......>...(##.#.#
#.##.#####...#.#.#
#.........
##...###.# ##.##
#)# #♣# ##o##
##...## ##.((..##
##.......##
#.........#
+.........+
#..$......#
##.....(.##


You could see an orc.

Vanquished Creatures
  An adder (D:2)
  A dart slug (D:2)
  A leopard gecko (D:2)
  2 orcs (D:3)
  6 hobgoblins
  4 jackals (D:2)
  5 kobolds
  A quokka (D:2)
  3 bats
  5 goblins
  6 rats (D:2)
35 creatures vanquished.

Notes
Turn   | Place    | Note
-------+----------+-------------------------------------------
     0 | D:1      | Kairos the Demonspawn Skald began the quest for the Orb.
     0 | D:1      | Reached XP level 1. HP: 16/16 MP: 3/3
   349 | D:1      | Reached skill level 1 in Armour
   658 | D:2      | Gained mutation: When seriously injured, your bleeding wounds create armour. (AC +0) [demonic ancestry]
   658 | D:2      | Reached XP level 2. HP: 22/22 MP: 5/5
   828 | D:2      | Reached skill level 3 in Charms
   926 | D:2      | Reached XP level 3. HP: 27/27 MP: 6/6
  1008 | D:2      | Found a shattered altar of Ashenzari.
  1202 | D:2      | You fall through a shaft for 2 floors!
  1204 | D:4      | Noticed an ogre
  1269 | D:3      | Slain by an orc

Skill      XL: |  1  2 |
---------------+-------+-----
Armour         | 1 |  1.4
Polearms       | 2 |  2.7
Charms         | 3 |  3.0
Fighting       | |  2.3
Dodging        | |  1.9
Spellcasting   | |  2.0

Action                   || total
-------------------------++-------
Melee: Spear             ||   152
 Cast: Infusion          ||     1
  Use: Potion            ||     1
 Stab: Sleeping          ||     1
  Eat: Chunk             ||     1
Armor: Leather armour    ||    42
       Skin              ||     1
Dodge: Dodged            ||    89
